 Dungeon Crawl Stone Soup version 0.29-a0-344-ge2f44be95a (webtiles) character file.

Game seed: 13995355328887741520

7313 Ijustatesigmund the Thaumaturge (level 10, -1/54 HPs)
             Began as a Deep Elf Conjurer on Apr 22, 2022.
             Was a Believer of Vehumet.
             Slain by leebro123's ghost (8 damage)
             ... on level 6 of the Dungeon.
             The game lasted 00:39:44 (11780 turns).

Ijustatesigmund the Thaumaturge (DECj)             Turns: 11780, Time: 00:39:45

Health: -1/54      AC: 12    Str:  4    XL:     10   Next: 90%
Magic:  12/28      EV: 12    Int: 34    God:    Vehumet [**....]
Gold:   1792       SH:  0    Dex: 13    Spells: 25/34 levels left

rFire   . . .      SeeInvis .   c - +2 short sword (venom)
rCold   . . .      Faith    .   (no shield)
rNeg    . . .      Spirit   .   a - +3 leather armour of Ledomp {+Inv rElec}
rPois   .          Reflect  .   x - +1 helmet
rElec   +          Harm     .   (no cloak)
rCorr   .          Rampage  .   (no gloves)
Will    +....                   (no boots)
Stlth   ++........              w - amulet of regeneration
HPRegen 0.98/turn               J - +6 ring of intelligence
MPRegen 0.21/turn               m - +4 ring of protection

@: no status effects
A: no striking features
a: Renounce Religion, Evoke Invisibility


You were on level 6 of the Dungeon.
You worshipped Vehumet.
Vehumet was pleased with you.
You visited 1 branch of the dungeon, and saw 10 of its levels.
You also visited: Sewer.

You collected 1792 gold pieces.

Inventory:

Hand Weapons
 c - a +2 short sword of venom (weapon)
 t - a +2 scimitar of flaming
Armour
 a - the +3 leather armour of Ledomp (worn) {+Inv rElec}
   (You found it on level 3 of the Dungeon)

   rElec:     It insulates you from electricity.
   +Inv:      It lets you turn invisible.
 x - a +1 helmet (worn)
 G - a +0 troll leather armour
Magical Staves
 g - a staff of cold
Jewellery
 l - a ring of protection from cold
 m - a +4 ring of protection (right hand)
 u - a ring of positive energy
 w - an amulet of regeneration (around neck)
 C - a ring of protection from fire
 E - a +6 ring of intelligence
 J - a +6 ring of intelligence (left hand)
Wands
 n - a wand of paralysis (10)
 y - a wand of flame (22)
 I - a wand of polymorph (1)
 K - a wand of iceblast (11)
Scrolls
 j - 2 scrolls of blinking
 p - 3 scrolls of teleportation
 v - 2 scrolls of enchant armour
 z - a scroll of amnesia
 A - a scroll of fear
 D - a scroll of vulnerability {unknown}
 F - 3 scrolls of identify
 H - a scroll of magic mapping
Potions
 b - 3 potions of magic
 d - 2 potions of heal wounds
 e - 4 potions of curing
 f - 2 potions of mutation
 h - a potion of invisibility
 i - a potion of haste
 k - 3 potions of attraction {unknown}
 o - a potion of cancellation {unknown}
 q - 2 potions of resistance {unknown}
 r - a potion of might {unknown}
 s - a potion of brilliance {unknown}
 B - a potion of lignification {unknown}


   Skills:
 - Level 2.6 Fighting
 - Level 4.3 Short Blades
 - Level 3.1 Armour
 - Level 4.7 Dodging
 - Level 4.7 Stealth
 - Level 12.6 Spellcasting
 - Level 11.3 Conjurations
 - Level 4.0 Ice Magic
 + Level 1.3 Air Magic
 - Level 3.9 Evocations


You had 25 spell levels left.
You knew the following spells:

 Your Spells              Type           Power      Damage    Failure   Level
a - Magic Dart            Conj           100%       1d8       1%          1
b - Searing Ray           Conj           100%       2d8       1%          2
c - Freeze                Ice            100%       1d11      1%          1
d - Lightning Bolt        Conj/Air       29%        1d46      8%          5

Your spell library contained the following spells:

 Spells                   Type           Power      Damage    Failure   Level
 Sandblast                Erth           42%        2d11      3%          1
 Static Discharge         Conj/Air       59%        N/A       1%          2
 Dazzling Flash           Conj/Hex       100%       N/A       1%          3
 Mephitic Cloud           Conj/Pois/Air  50%        N/A       1%          3
 Fulminant Prism          Conj/Hex       28%        3d14      3%          4
 Iskenderun's Mystic Bla  Conj/Tloc      56%        2d12      3%          4
 Freezing Cloud           Conj/Ice/Air   28%        6-21      10%         5
 Ignite Poison            Fire/Tmut/Pois 21%        N/A       11%         3
 Portal Projectile        Hex/Tloc       42%        N/A       11%         3
 Animate Dead             Necr           10%        N/A       34%         4
 Haunt                    Necr/Summ      10%        N/A       100%        7
 Malign Gateway           Summ/Tloc      10%        N/A       100%        7
 Monstrous Menagerie      Summ           10%        N/A       100%        7
 Infestation              Necr           10%        N/A       100%        8
 Maxwell's Capacitive Co  Air            15%        ∞         100%        8
 Chain Lightning          Conj/Air       29%        3d39      100%        9
 Fire Storm               Conj/Fire      28%        8d7       100%        9
 Shatter                  Erth           10%        3d12*     100%        9


Dungeon Overview and Level Annotations

Branches:
Dungeon (10/15)            Temple (0/1) D:5            Lair (0/6) D:9
    Orc (0/2) D:9           Sewer (visited)

Altars:
Ashenzari
Elyvilon
Fedhas
Hepliaklqana
Kikubaaqudgha
Makhleb
Nemelex Xobeh
Okawaru
Sif Muna
Trog
Vehumet
Wu Jian
Xom

Annotations:
D:6 leebro123's ghost, novice DsGl


Message History

You barely miss leebro123's ghost.
Leebro123's ghost is moderately damaged.
Leebro123's ghost hits you!
Casting: Lightning Bolt (quite dangerous; 8% risk of failure)
Confirm with . or Enter, or press ? or * to list all spells.
Aiming: Searing Ray (safe; 1% risk of failure)
Press: ? - help, Shift-Dir - straight line, f/p - leebro123's ghost
Aim: leebro123's ghost (moderately damaged, 83% to hit)
The searing ray hits leebro123's ghost!
Leebro123's ghost is heavily damaged. (Press . to maintain the ray.) Leebro123's ghost hits you!
The searing ray hits leebro123's ghost!
Leebro123's ghost is severely damaged.
Leebro123's ghost hits you.
The searing ray hits leebro123's ghost.
Leebro123's ghost is severely damaged.
Leebro123's ghost hits you!
The searing ray hits leebro123's ghost but does no damage.
Leebro123's ghost is severely damaged.
You finish channelling your searing ray.
Leebro123's ghost misses you.
Casting: Searing Ray (safe; 1% risk of failure)
Confirm with . or Enter, or press ? or * to list all spells.
Aiming: Searing Ray (safe; 1% risk of failure)
Press: ? - help, Shift-Dir - straight line, f/p - leebro123's ghost
Aim: leebro123's ghost (severely damaged, 83% to hit)
The searing ray hits leebro123's ghost!
Leebro123's ghost is almost destroyed. (Press . to maintain the ray.) Leebro123's ghost hits you.
* * * LOW HITPOINT WARNING * * *
The searing ray hits leebro123's ghost.
Leebro123's ghost is almost destroyed.
Leebro123's ghost hits you!
* * * LOW HITPOINT WARNING * * *
The searing ray hits leebro123's ghost.
Leebro123's ghost is almost destroyed.
Leebro123's ghost hits you!
You die...

.........#### #####..#.
............# #........
.........##.# #........
.........##.# #........
.........##.# ###
#........
.........##.##♣8♣#
#########
.........##.##.?$# #
.[.......##'###W####### #
................@.....# #
.............!........# #
......................#
......................# #
#########.............# #
#.............###########
#^.......................
#........................
#........................


You could see leebro123's ghost.

Vanquished Creatures
  Erica (D:9)
  A manticore (D:9)
  Joseph (D:8)
  A troll (D:9)
  A shadow (D:10)
  2 wraiths
  5 yaks (D:9)
  A wyvern (D:9)
  A steam dragon (D:8)
  Menkaure (D:5)
  An acid dragon (D:9)
  The ghost of Morbidden the Ruffian, an amateur TrMo of Cheibriados (D:5)
  2 sky beasts
  8 orc warriors
  3 black bears
  An ice beast (D:6)
  2 ogres
  3 centaurs
  3 phantoms
  4 kobold brigands (D:9)
  2 bullfrogs (D:8)
  4 gnoll sergeants
  A wyvern zombie (D:5)
  A scorpion (D:3)
  10 killer bees (D:8)
  A howler monkey (D:5)
  5 orc priests
  2 hounds
  4 jellies
  2 bullfrog skeletons (D:5)
  4 iguanas
  4 orc wizards
  9 gnolls
  6 adders
  3 river rats
  2 white imps
  2 worms
  3 dart slugs
  26 orcs
  8 ball pythons
  5 bats
  15 endoplasms
  2 giant cockroaches
  5 hobgoblins
  3 jackals (D:3)
  7 kobolds
  A quokka (D:3)
  14 frilled lizards
  A goblin (D:2)
  14 rats
209 creatures vanquished.

Vanquished Creatures (others)
  A human (D:8)
  5 plants (D:4)
6 creatures vanquished.

Grand Total: 215 creatures vanquished

Notes
Turn   | Place    | Note
-------+----------+-------------------------------------------
     0 | D:1      | Ijustatesigmund the Deep Elf Conjurer began the quest for
                  | the Orb.
     0 | D:1      | Reached XP level 1. HP: 10/10 MP: 6/6
   193 | D:1      | Found a faded altar of an unknown god.
   418 | D:1      | Reached XP level 2. HP: 15/15 MP: 5/8
   421 | D:1      | Learned a level 2 spell: Searing Ray
  1010 | D:1      | Reached skill level 4 in Spellcasting
  1186 | D:2      | Identified a scroll of acquirement
  1186 | D:2      | Acquired 1239 gold pieces
  1194 | D:2      | Reached XP level 3. HP: 19/19 MP: 8/10
  1239 | D:2      | Reached skill level 5 in Conjurations
  1958 | D:3      | Found an ornate altar of the Wu Jian Council.
  2077 | D:3      | Noticed a scorpion
  2082 | D:3      | Killed a scorpion
  2083 | D:3      | Reached skill level 5 in Spellcasting
  2083 | D:3      | Reached XP level 4. HP: 24/24 MP: 7/13
  2267 | D:3      | Identified the +3 leather armour of Ledomp {+Inv rElec}
  2881 | D:3      | Reached XP level 5. HP: 22/28 MP: 10/14
  3017 | D:4      | Found a white marble altar of Elyvilon.
  3042 | D:4      | Noticed a phantom
  3062 | D:4      | Killed a phantom
  3063 | D:4      | Reached skill level 1 in Armour
  3290 | D:4      | Reached skill level 6 in Spellcasting
  3290 | D:4      | Reached XP level 6. HP: 16/32 MP: 4/17
  3531 | D:4      | Reached skill level 1 in Evocations
  3597 | D:5      | Entered Level 5 of the Dungeon
  3699 | D:5      | Found a glowing drain.
  3746 | Sewer    | Entered a sewer
  4203 | Sewer    | Found a viscous altar of Jiyva.
  4454 | Sewer    | Reached XP level 7. HP: 36/36 MP: 15/19
  4816 | D:5      | Reached skill level 7 in Spellcasting
  5041 | D:5      | Found a runed translucent gate.
  5041 | D:5      | Found a runed translucent gate.
  5042 | D:5      | Found a runed translucent gate.
  5045 | D:5      | Noticed Morbidden's ghost (amateur TrMo)
  5055 | D:5      | Noticed Menkaure
  5075 | D:5      | Killed Menkaure
  5076 | D:5      | Reached skill level 1 in Fighting
  5275 | D:5      | Found a radiant altar of Vehumet.
  5293 | D:5      | Became a worshipper of Vehumet
  5448 | D:5      | Found a shimmering blue altar of Sif Muna.
  5556 | D:5      | Found a staircase to the Ecumenical Temple.
  5673 | D:5      | Found a hazy altar of Hepliaklqana.
  5678 | D:5      | Found a sparkling altar of Nemelex Xobeh.
  5857 | D:6      | Found a bloodstained altar of Trog.
  6067 | D:6      | Reached XP level 8. HP: 44/44 MP: 15/20
  6246 | D:6      | Found a shimmering altar of Xom.
  6685 | D:6      | Found a runed translucent door.
  6687 | D:6      | Noticed leebro123's ghost (novice DsGl)
  7167 | D:7      | Found a burning altar of Makhleb.
  7523 | D:7      | Found a blossoming altar of Fedhas.
  7649 | D:7      | Reached skill level 8 in Spellcasting
  7720 | D:7      | Reached * piety under Vehumet
  7720 | D:7      | Offered knowledge of Freeze by Vehumet.
  7724 | D:7      | Learned a level 1 spell: Freeze
  8231 | D:7      | Reached skill level 1 in Ice Magic
  8231 | D:7      | Reached XP level 9. HP: 49/49 MP: 16/23
  8415 | D:8      | Got Xismuo's Grimoire of Dislocated Creation
  8474 | D:8      | Reached skill level 9 in Spellcasting
  8496 | D:8      | Noticed Joseph
  8606 | D:8      | Killed Joseph
  9216 | D:8      | Found an ancient bone altar of Kikubaaqudgha.
  9276 | D:9      | Reached skill level 10 in Spellcasting
  9341 | D:9      | Found a staircase to the Lair.
  9470 | D:9      | Noticed a manticore
  9474 | D:9      | HP: 2/49 [manticore (9)]
  9483 | D:9      | Killed a manticore
  9672 | D:9      | Noticed Erica
  9681 | D:9      | Killed Erica
  9682 | D:9      | Reached skill level 11 in Spellcasting
  9682 | D:9      | Reached skill level 10 in Conjurations
  9682 | D:9      | Reached XP level 10. HP: 50/54 MP: 15/27
  9755 | D:9      | Reached ** piety under Vehumet
  9755 | D:9      | Offered knowledge of Sandblast by Vehumet.
  9839 | D:9      | Reached skill level 1 in Short Blades
 10634 | D:9      | Found a staircase to the Orcish Mines.
 10663 | D:9      | Reached skill level 12 in Spellcasting
 11212 | D:10     | Entered Level 10 of the Dungeon
 11440 | D:10     | Found an iron altar of Okawaru.
 11441 | D:10     | Found a broken altar of Ashenzari.
 11491 | D:10     | Learned a level 5 spell: Lightning Bolt
 11664 | D:5      | Killed Morbidden's ghost
 11665 | D:5      | Reached skill level 1 in Air Magic
 11780 | D:6      | Slain by leebro123's ghost

Illustrated notes

Levels and vault maps discovered:
D:1:      nicolae_arrival_somewhat_less_tricky_arrival, layout_basic,
          dreamdust_ecumenical_altar_statues, minivault_26
D:2:      layout_rooms
D:3:      layout_basic, pdpol_wu_jian_five_deadly_venoms
D:4:      layout_cave_pools, elyvilon_altar_5, gammafunk_ghost_gnarly_gnolls,
          minmay_lizard_king
D:5:      layout_rooms, kennysheep_orc_sif_temple, minitemple,
          lemuel_round_altar, temple_green, gammafunk_ghost_necromancy,
          portal_sewer_entry_e, uniq_menkaure
D:6:      layout_basic, mainiacjoe_overflow_surrounded_room,
          mainiacjoe_overflow_small_starburst, gammafunk_ghost_grave
D:7:      layout_basic, bloody_makhleb, fedhas_ov_isle_minmay
D:8:      layout_loops_ring, tgw_kikubaaqudgha, uniq_joseph
D:9:      layout_basic, dpeg_oklobed_lair,
          kennysheep_orc_monster_closet_entryway, kennysheep_generic_room_13,
          uniq_erica
D:10:     layout_basic, gammafunk_temple_overflow_pools, minivault_15

Skill      XL: |  1  2  3  4  5  6  7  8  9 10 |
---------------+-------------------------------+-----
Spellcasting   | 4 5 6 7 8 11 12 | 12.6
Conjurations   | 5 6 7 10 11 | 11.3
Armour         | 1 2 3 |  3.1
Evocations     | 2 3 |  3.9
Fighting       | 2 |  2.6
Dodging        | 4 |  4.7
Stealth        | 4 |  4.7
Ice Magic      | 1 4 |  4.0
Short Blades   | 4 |  4.3
Air Magic      | 1 |  1.3

Action                   |  1- 3 |  4- 6 |  7- 9 | 10-12 || total
-------------------------+-------+-------+-------+-------++-------
Melee: Short sword       |     1 |    10 |     9 |     8 ||    28
 Cast: Magic Dart        |    64 |    83 |    93 |    24 ||   264
       Searing Ray       |     4 |    11 |    44 |    43 ||   102
       Freeze            |       |       |     1 |       ||     1
Evoke: Wand              |       |       |     3 |     2 ||     5
  Use: Scroll            |     7 |     2 |     7 |       ||    16
       Potion            |       |       |     2 |       ||     2
 Stab: Sleeping          |       |       |     2 |       ||     2
       Paralysed         |       |       |     3 |     4 ||     7
Armor: Leather armour    |       |    11 |    29 |    25 ||    65
Dodge: Dodged            |     4 |    17 |    36 |    46 ||   103

Table legend: (Time is in decaauts)
 A = Elapsed time spent in this place.
 B = Non-inter-level travel time spent in this place.
 C = Inter-level travel time spent in this place.
 D = Time resting spent in this place.
 E = Time spent auto-exploring this place.
 F = Levels seen in this place.
 G = Mean time per level.
                   A        B        C        D        E       F      G
               +--------+--------+--------+--------+--------+-----+--------+
         Total |  11830 |  11415 |    415 |   3177 |   6713 |  11 | 1075.5 |
       Dungeon |  10960 |  10545 |    415 |   2669 |   6449 |  10 | 1096.0 |
         Sewer |    869 |    869 |      0 |    508 |    264 |   1 |  869.0 |
               +--------+--------+--------+--------+--------+-----+--------+

Top non-repeatable levels by time:
     D:9: 1973 daAuts
     D:5: 1540 daAuts
     D:7: 1470 daAuts
     D:6: 1192 daAuts
     D:3: 1154 daAuts
     D:1: 1069 daAuts
     D:8: 889 daAuts
   Sewer: 869 daAuts
     D:2: 767 daAuts
     D:4: 604 daAuts
    D:10: 297 daAuts
